 Dungeon Crawl Stone Soup version 0.24-a0-584-g9d6b971ae4 (webtiles) character file.

Game seed: 12610035763744981927, levelgen mode: deterministic

2237 Mame the Cleaver (level 9, -2/82 HPs)
             Began as a Hill Orc Monk on Aug 29, 2019.
             Was a Priest of Beogh.
             Slain by an orc warrior
             ... wielding a +0 battleaxe
              (25 damage)
             ... on level 8 of the Dungeon.
             The game lasted 00:34:57 (10152 turns).

Mame the Cleaver (Hill Orc Monk)                   Turns: 10152, Time: 00:34:58

Health: -2/82      AC:  7    Str: 17    XL:     9   Next: 36%
Magic:  14/14      EV: 12    Int: 10    God:    Beogh [***...]
Gold:   340        SH:  0    Dex: 13    Spells: 8/8 levels left

rFire    . . .     SeeInvis .   a - +0 hand axe
rCold    . . .     Gourm    .   (no shield)
rNeg     . . .     Faith    .   p - +0 leather armour (curse)
rPois    .         Spirit   .   (no helmet)
rElec    .         Reflect  .   (no cloak)
rCorr    .         Harm     .   (no gloves)
MR       .....                  (no boots)
Stlth    ++........             (no amulet)
HPRegen  0.23/turn              d - +4 ring of protection
MPRegen  0.14/turn              (no ring)

@: no status effects
A: no striking features
a: Smiting, Renounce Religion


You were on level 8 of the Dungeon.
You worshipped Beogh.
Beogh was most pleased with you.
You were not hungry.

You visited 1 branch of the dungeon, and saw 8 of its levels.

You collected 340 gold pieces.

Inventory:

Hand Weapons
 a - a +0 hand axe (weapon)
Missiles
 B - 8 boomerangs (quivered)
Armour
 b - a +0 robe
 p - a cursed +0 leather armour (worn)
 A - a +0 leather armour
Magical Staves
 w - an uncursed staff of air {unknown}
Jewellery
 d - a +4 ring of protection (left hand)
 y - an uncursed ring of protection from magic {unknown}
Wands
 g - a wand of iceblast (8)
Scrolls
 e - 3 scrolls of immolation {unknown}
 f - a scroll of enchant armour
 h - 3 scrolls of random uselessness {unknown}
 l - 2 scrolls of remove curse
 m - 7 scrolls of identify
 q - a scroll of magic mapping {unknown}
 t - 2 scrolls of amnesia
 x - 3 scrolls of teleportation {unknown}
 C - a scroll of enchant weapon {unknown}
Potions
 i - a potion of invisibility
 j - 4 potions of lignification {unknown}
 k - 3 potions of agility
 n - 3 potions of brilliance {unknown}
 o - 3 potions of magic
 r - 3 potions of curing
 s - a potion of cancellation {unknown}
 u - 2 potions of berserk rage {unknown}
 v - a potion of might {unknown}
 z - a potion of heal wounds
Comestibles
 c - 15 rations


   Skills:
 + Level 8.4 Fighting
 * Level 9.8 Axes
 + Level 5.6 Armour
 - Level 2.6 Dodging
 - Level 1.7 Stealth
 + Level 7.0 Invocations


You had 8 spell levels left.
You didn't know any spells.
Your spell library contained the following spells:

 Spells                   Type           Power        Failure   Level  Hunger
 Bolt of Magma            Conj/Fire/Erth #.........   100%        5    ######.
 Iskenderun's Battlesphe  Conj/Chrm      #.......     100%        5    ######.
 Venom Bolt               Conj/Pois      #.........   100%        5    ######.
 Iron Shot                Conj/Erth      #.........   100%        6    #######
 Orb of Destruction       Conj           #.........   100%        7    #######
 Spellforged Servitor     Conj/Summ      #.........   100%        7    #######


Dungeon Overview and Level Annotations

Branches:
Dungeon (8/15)             Temple (0/1) D:7
   Lair: D:8-11

Altars:
Dithmenos
Hepliaklqana
Nemelex Xobeh
Vehumet
Wu Jian


Message History

The orc warrior hits you with a +0 battleaxe!
* * * LOW HITPOINT WARNING * * *
You swap places.
The ogre hits your orc warrior with a +0 giant club!!
The orc warrior hits your orc warrior with a +0 battleaxe!!
Your orc warrior dies!
Your orc hits the ogre with a +0 hand axe!
The ogre dies!
Beogh accepts your kill.
Your Invocations skill increases to level 7!
Your orc looks more experienced.
The orc warrior hits you but does no damage.
Items here: )) [ † a +0 giant club; a +0 short sword; a +0 leather armour; an orc corpse You hit the orc warrior but do no damage.
You completely miss the orc warrior. The orc warrior closely misses you.
You closely miss the orc warrior.
The orc warrior hits you with a +0 battleaxe!!
You die...
Beogh appreciates the orc warrior's killing of a heretic priest.

#.##.##.#.#
.. #.##.#o#
.##
#.##.#.# #.
####o#o## .
#o..oo.# ##
#o###..# .
# #o# #.<##
....#.##o#
#...#
.._..).@o#
##..#
#....#o###
#..# ##. #.
#..# #.
#<.# ..
#..# ##
#..# ...#


You could see an orc warrior, a friendly orc warrior and 4 friendly orcs.

Vanquished Creatures
  Grinder (D:3)
  Eustachio (D:6)
  A phantom (D:5)
  An ogre (D:4)
  2 centaurs
  3 bullfrogs
  A scorpion (D:4)
  A howler monkey (D:7)
  A crimson imp (D:4)
  3 centaur zombies (D:5)
  2 jellies (D:5)
  2 hounds (D:5)
  4 orc wizards
  A bullfrog skeleton (D:5)
  A centaur skeleton (D:5)
  Terence (D:3)
  An iguana (D:5)
  Natasha (thrice) (D:3)
  3 worker ants
  Robin (D:3)
  10 adders
  2 shadow imps
  3 worms (D:3)
  2 dart slugs (D:1)
  5 leopard geckos
  10 orcs
  2 ball pythons
  5 giant cockroaches
  11 goblins
  13 hobgoblins
  11 jackals
  6 kobolds
  3 quokkas
  4 bats
  10 frilled lizards
  A leopard gecko skeleton (D:7)
  10 rats
142 creatures vanquished.

Vanquished Creatures (collateral kills)
  2 ogres
  A centaur (D:6)
  A bullfrog (D:7)
  A howler monkey (D:8)
  2 crimson imps (D:7)
  A bullfrog zombie (D:7)
  A quasit (D:6)
  2 orc priests (D:7)
  An iguana (D:6)
  2 adders (D:6)
  A shadow imp (D:7)
  An orc (D:7)
16 creatures vanquished.

Vanquished Creatures (others)
  An orc warrior (D:8)
  An orc priest (D:3)
  3 orcs
  2 jackals (D:3)
7 creatures vanquished.

Grand Total: 165 creatures vanquished

Notes
Turn   | Place    | Note
-------+----------+-------------------------------------------
     0 | D:1      | Mame the Hill Orc Monk began the quest for the Orb.
     0 | D:1      | Reached XP level 1. HP: 19/19 MP: 1/1
   303 | D:1      | Reached XP level 2. HP: 24/27 MP: 2/2
   900 | D:2      | Reached XP level 3. HP: 21/33 MP: 3/3
  1365 | D:2      | Reached skill level 1 in Armour
  1488 | D:2      | Reached skill level 5 in Axes
  1553 | D:2      | Reached XP level 4. HP: 35/41 MP: 4/4
  2618 | D:3      | Noticed Natasha
  2627 | D:3      | Killed Natasha
  2627 | D:3      | Reached XP level 5. HP: 18/47 MP: 5/5
  2728 | D:3      | Noticed Natasha
  2743 | D:3      | Killed Natasha
  3318 | D:3      | Reached skill level 5 in Fighting
  3513 | D:3      | Noticed Natasha
  3528 | D:3      | Killed Natasha
  3701 | D:3      | Noticed Robin
  3750 | D:3      | Killed Robin
  3750 | D:3      | Reached XP level 6. HP: 47/56 MP: 6/6
  3837 | D:3      | Became a worshipper of Beogh the Brigand
  3837 | D:3      | Reached * piety under Beogh
  3837 | D:3      | Reached ** piety under Beogh
  3838 | D:3      | Found a shadowy altar of Dithmenos.
  3860 | D:3      | Reached skill level 6 in Axes
  3864 | D:3      | Found an ornate altar of the Wu Jian Council.
  3865 | D:3      | Found a radiant altar of Vehumet.
  3946 | D:3      | Noticed Grinder
  3949 | D:3      | Noticed Terence
  3976 | D:3      | Killed Terence
  3976 | D:3      | Reached skill level 1 in Invocations
  3984 | D:3      | Killed Grinder
  3984 | D:3      | Reached XP level 7. HP: 33/62 MP: 4/8
  4128 | D:3      | Found a sparkling altar of Nemelex Xobeh.
  4906 | D:4      | Reached skill level 7 in Axes
  5503 | D:5      | Entered Level 5 of the Dungeon
  5843 | D:5      | Reached XP level 8. HP: 68/71 MP: 10/10
  5895 | D:5      | Reached skill level 5 in Armour
  6411 | D:5      | Reached skill level 5 in Invocations
  6540 | D:5      | Reached *** piety under Beogh
  6540 | D:5      | Reached skill level 8 in Axes
  7866 | D:6      | Noticed Eustachio
  8182 | D:6      | Killed Eustachio
  8292 | D:6      | Reached XP level 9. HP: 60/81 MP: 13/13
  8409 | D:6      | Reached skill level 9 in Axes
  9081 | D:7      | Found a staircase to the Ecumenical Temple.
 10120 | D:8      | Found a hazy altar of Hepliaklqana.
 10152 | D:8      | Slain by an orc warrior

Levels and vault maps discovered:
D:1:      dpeg_arrival_water_temple_mockup, layout_loops_ring
D:2:      layout_basic, first_ration
D:3:      layout_loops_ring, lemuel_doored_altar, grunt_temple_overflow_open,
          gup_sewer_entry_bubbles, uniq_robin, uniq_terence, uniq_grinder,
          uniq_natasha
D:4:      layout_loops_ring
D:5:      layout_gridville, minmay_starry_boxes
D:6:      layout_gridville, nicolae_ossuary_entry_monument, uniq_eustachio
D:7:      layout_loops_corners, minmay_temple_entry_poolview, grunt_ogre_cave,
          hangedman_decor_riveting
D:8:      layout_loops_ring, nicolae_overflow_crystal_walls

Skill      XL: |  1  2  3  4  5  6  7  8  9 |
---------------+----------------------------+-----
Fighting       | 4 5 6 8 |  8.4
Armour         | 1 2 3 4 5 |  5.6
Axes           | 5 6 7 8 9 |  9.8
Invocations    | 2 3 6 7 |  7.0
Dodging        | |  2.6
Stealth        | |  1.7

Action                   |  1- 3 |  4- 6 |  7- 9 || total
-------------------------+-------+-------+-------++-------
Melee: Hand axe          |   117 |   273 |   509 ||   899
       Unarmed           |       |     7 |       ||     7
Invok: Smiting           |       |     1 |       ||     1
       Convert to Beogh  |       |     1 |       ||     1
  Use: Scroll            |       |     8 |     4 ||    12
       Potion            |       |     1 |     1 ||     2
 Stab: Sleeping          |     2 |     3 |     5 ||    10
       Confused          |       |     1 |       ||     1
       Distracted        |       |       |     1 ||     1
  Eat: Chunk             |     2 |     5 |     6 ||    13
       Ration            |       |     1 |     4 ||     5
Armor: Robe              |    16 |     5 |       ||    21
       Leather armour    |       |    45 |   139 ||   184
       Skin              |       |     1 |       ||     1
Dodge: Dodged            |    87 |   134 |   286 ||   507

Table legend:
 A = Non-vault XP
 B = Vault XP
 C = Vault XP percentage of total XP
 D = Non-vault monster count
 E = Vault monster count
 F = Vault count percentage of total count
                 A         B        C        D         E       F
            +---------+---------+-------+---------+---------+-------
      Total |    2424 |     772 |  24.2 |     130 |      28 |  17.7
            +---------+---------+-------+---------+---------+-------
        D:1 |      32 |       0 |   0.0 |      17 |       0 |   0.0
        D:2 |      82 |       0 |   0.0 |      22 |       0 |   0.0
        D:3 |     182 |     421 |  69.8 |      27 |      23 |  46.0
        D:4 |     353 |       0 |   0.0 |      15 |       0 |   0.0
        D:5 |     624 |      82 |  11.6 |      23 |       3 |  11.5
        D:6 |     458 |     184 |  28.7 |      11 |       1 |   8.3
        D:7 |     504 |      85 |  14.4 |      12 |       1 |   7.7
        D:8 |     189 |       0 |   0.0 |       3 |       0 |   0.0
            +---------+---------+-------+---------+---------+-------
